General information
- name: BNet
- type: Ladder team game (AT/RT)
- host: Battle.net
- saver: bLinn
map: Highperch
- players: 6
- length: 93:27
- speed: Fast
- version: 1.21 W3XP
- replay type:

» download(459 KB)
Players
team 1 (loser)
O.o.I. (
purple | 67 APM | 6292 actions | 93:19)
8 Archmage
2 Summon Water Elemental
2 Brilliance Aura
3 Blizzard
1 Mass Teleport
» actions
| Assign group hotkey | 91 | |
| Basic commands | 237 | |
| Build / train | 134 | |
| Enter build submenu | 55 | |
| Enter hero's abilities submenu | 8 | |
| Give item / drop item | 2 | |
| Remove unit from queue | 2 | |
| Right click | 2077 | |
| Select / deselect | 2173 | |
| Select group hotkey | 1303 | |
| Use ability | 209 | |
6292 total
» units
| Peasant | 21 | |
| Mortar Team | 5 | |
| Flying Machine | 1 | |
| Dragonhawk Rider | 20 | |
| Knight | 4 | |
| Siege Engine | 22 | |
| Gryphon Rider | 7 | |
80 total
» upgrades
| Masonry | 3 | |
| Lumber Harvesting | 1 | |
| Flare | 1 | |
| Flak Cannons | 1 | |
| Flying Machine Bombs | 1 | |
| Cloud | 1 | |
| Barrage | 1 | |
| Plating | 2 | |
| Gunpowder | 1 | |
| Storm Hammers | 1 | |
13 total
» buildings
| Altar of Kings | 1 | |
| Farm | 11 | |
| Lumber Mill | 1 | |
| Scout Tower | 15 | |
| Guard Tower | 9 | |
| Keep | 2 | |
| Arcane Vault | 2 | |
| Blacksmith | 1 | |
| Workshop | 2 | |
| Castle | 4 | |
| Gryphon Aviary | 2 | |
| Barracks | 2 | |
| Town Hall | 3 | |
55 total
» build order
00:05 Altar of Kings
00:06 Farm
00:59 Lumber Mill
01:25 Farm
01:26 Farm
01:41 Scout Tower
01:54 Farm
02:09 Scout Tower
02:14 Guard Tower
02:39 Guard Tower
02:40 Scout Tower
02:56 Scout Tower
03:12 Guard Tower
04:09 Keep
04:12 Scout Tower
04:14 Scout Tower
04:24 Arcane Vault
04:53 Guard Tower
04:54 Guard Tower
05:23 Scout Tower
06:01 Guard Tower
06:05 Scout Tower
06:07 Scout Tower
06:39 Blacksmith
06:40 Guard Tower
06:48 Guard Tower
06:50 Farm
06:52 Farm
07:32 Workshop
07:33 Workshop
08:11 Castle
08:11 Castle
08:11 Castle
09:41 Gryphon Aviary
09:43 Gryphon Aviary
10:13 Farm
10:14 Farm
12:03 Farm
12:04 Farm
12:06 Farm
16:47 Barracks
16:49 Barracks
17:24 Town Hall
17:28 Town Hall
21:43 Scout Tower
21:44 Scout Tower
21:45 Scout Tower
21:46 Scout Tower
21:47 Scout Tower
21:48 Scout Tower
22:38 Guard Tower
22:45 Arcane Vault
31:18 Town Hall
» items
| Scroll of Regeneration | 1 | |
| Scroll of Town Portal | 1 | |
2 total

»
Sdg32- (
yellow | 37 APM | 3461 actions | 93:21)
4 Priestess of the Moon
2 Trueshot Aura
2 Scout
» actions
| Assign group hotkey | 8 | |
| Basic commands | 25 | |
| Build / train | 88 | |
| Enter build submenu | 25 | |
| Enter hero's abilities submenu | 4 | |
| Remove unit from queue | 8 | |
| Right click | 1994 | |
| Select / deselect | 1154 | |
| Select group hotkey | 16 | |
| Use ability | 139 | |
3461 total
» units
| Wisp | 12 | |
| Archer | 4 | |
| Glaive Thrower | 12 | |
| Druid of the Claw | 19 | |
| Hippogryph | 20 | |
67 total
» upgrades
| Ultravision | 1 | |
| Strength of the Moon | 1 | |
| Moon Armor | 1 | |
| Druid of the Claw Training | 2 | |
| Strength of the Wild | 3 | |
| Reinforced Hides | 1 | |
| Mark of the Claw | 1 | |
| Abolish Magic | 0 | |
10 total
» buildings
| Altar of Elders | 1 | |
| Moon Well | 11 | |
| Ancient of War | 2 | |
| Hunter's Hall | 1 | |
| Tree of Ages | 1 | |
| Tree of Eternity | 1 | |
| Ancient of Lore | 2 | |
| Tree of Life | 2 | |
| Ancient of Wind | 2 | |
23 total
» build order
00:09 Altar of Elders
00:12 Moon Well
00:22 Ancient of War
02:11 Moon Well
02:21 Hunter's Hall
03:09 Ancient of War
03:32 Moon Well
05:03 Moon Well
06:47 Moon Well
10:54 Tree of Ages
13:00 Moon Well
14:36 Moon Well
14:55 Tree of Eternity
16:52 Ancient of Lore
17:00 Ancient of Lore
29:33 Tree of Life
31:02 Tree of Life
44:29 Ancient of Wind
47:59 Ancient of Wind
52:04 Moon Well
52:07 Moon Well
54:59 Moon Well
55:04 Moon Well
waqqy (
teal | 22 APM | 1423 actions | 65:07)
4 Death Knight
2 Death Coil
2 Unholy Aura
» actions
| Assign group hotkey | 2 | |
| Build / train | 73 | |
| Enter build submenu | 17 | |
| Enter hero's abilities submenu | 4 | |
| Remove unit from queue | 13 | |
| Right click | 828 | |
| Select / deselect | 381 | |
| Use ability | 105 | |
1423 total
» units
| Acolyte | 12 | |
| Ghoul | 6 | |
| Crypt Fiend | 4 | |
| Frost Wyrm | -3 | |
| Abomination | 12 | |
| Necromancer | 10 | |
| Meatwagon | 1 | |
42 total
» upgrades
| Freezing Breath | 1 | |
| Disease Cloud | 1 | |
| Necromancer Training | 2 | |
| Skeletal Longevity | 1 | |
| Skeletal Mastery | 1 | |
| Exhume Corpses | 1 | |
7 total
» buildings
| Crypt | 1 | |
| Graveyard | 1 | |
| Altar of Darkness | 1 | |
| Ziggurat | 9 | |
| Tomb of Relics | 1 | |
| Nerubian Tower | 1 | |
| Halls of the Dead | 1 | |
| Black Citadel | 1 | |
| Sacrificial Pit | 1 | |
| Boneyard | 2 | |
| Temple of the Damned | 1 | |
| Slaughterhouse | 2 | |
22 total
» build order
00:15 Crypt
00:19 Graveyard
00:47 Altar of Darkness
01:04 Ziggurat
01:36 Tomb of Relics
02:08 Ziggurat
02:47 Nerubian Tower
04:26 Halls of the Dead
06:05 Ziggurat
07:13 Black Citadel
08:08 Sacrificial Pit
08:14 Ziggurat
08:15 Ziggurat
08:16 Ziggurat
08:17 Ziggurat
08:18 Ziggurat
09:45 Boneyard
09:51 Boneyard
16:13 Temple of the Damned
16:16 Slaughterhouse
16:17 Slaughterhouse
23:20 Ziggurat
» items
| Rod of Necromancy | 1 | |
| Dust of Appearance | 1 | |
2 total
team 2 (winner)
bLinn (
green | 52 APM | 4886 actions | 93:27)
9 Blademaster
3 Wind Walk
3 Critical Strike
1 Bladestorm
2 Mirror Image
» actions
| Assign group hotkey | 612 | |
| Basic commands | 80 | |
| Build / train | 85 | |
| ESC pressed | 1 | |
| Enter build submenu | 83 | |
| Enter hero's abilities submenu | 9 | |
| Give item / drop item | 5 | |
| Remove unit from queue | 5 | |
| Right click | 2622 | |
| Select / deselect | 588 | |
| Select group hotkey | 408 | |
| Use ability | 388 | |
4886 total
» units
| Peon | 15 | |
| Troll Batrider | 18 | |
| Spirit Walker | 1 | |
| Shaman | 2 | |
36 total
» upgrades
| Spiked Barricades | 2 | |
| Reinforced Defenses | 1 | |
| Spirit Walker Training | 1 | |
| Shaman Training | 2 | |
6 total
» buildings
| Altar of Storms | 1 | |
| Orc Burrow | 4 | |
| War Mill | 3 | |
| Watch Tower | 70 | |
| Stronghold | 2 | |
| Voodoo Lounge | 1 | |
| Beastiary | 2 | |
| Fortress | 3 | |
| Spirit Lodge | 1 | |
87 total
» build order
00:03 Altar of Storms
00:11 Orc Burrow
00:25 War Mill
01:39 Watch Tower
01:49 Orc Burrow
02:07 Watch Tower
02:23 Watch Tower
02:41 Watch Tower
03:16 Stronghold
03:16 Stronghold
03:26 Watch Tower
03:46 Watch Tower
04:31 Voodoo Lounge
04:48 Watch Tower
04:49 Watch Tower
04:52 Watch Tower
04:53 Watch Tower
05:51 Watch Tower
05:54 Watch Tower
05:54 Watch Tower
05:55 Watch Tower
05:56 Watch Tower
06:39 Beastiary
06:40 Beastiary
07:03 Watch Tower
07:57 Watch Tower
08:13 Watch Tower
08:15 Fortress
08:15 Fortress
08:22 Orc Burrow
08:34 Watch Tower
09:15 Watch Tower
09:17 Watch Tower
09:18 Watch Tower
09:19 Watch Tower
11:46 Watch Tower
13:14 Orc Burrow
23:27 Spirit Lodge
31:26 Watch Tower
31:30 Watch Tower
31:32 Watch Tower
31:33 Watch Tower
32:59 Watch Tower
33:03 Watch Tower
33:04 Watch Tower
33:06 Watch Tower
33:09 Watch Tower
34:14 War Mill
34:27 War Mill
35:46 Watch Tower
35:47 Watch Tower
35:48 Watch Tower
35:53 Watch Tower
35:54 Watch Tower
35:57 Watch Tower
35:58 Watch Tower
36:01 Watch Tower
36:02 Watch Tower
36:02 Watch Tower
36:05 Watch Tower
36:06 Watch Tower
36:11 Watch Tower
36:12 Watch Tower
36:13 Watch Tower
36:20 Watch Tower
36:21 Watch Tower
36:23 Watch Tower
36:24 Watch Tower
37:07 Watch Tower
40:37 Watch Tower
40:45 Watch Tower
41:47 Watch Tower
43:01 Watch Tower
43:04 Watch Tower
43:05 Watch Tower
43:09 Watch Tower
46:22 Watch Tower
46:23 Watch Tower
46:24 Watch Tower
46:27 Watch Tower
47:40 Watch Tower
47:42 Watch Tower
47:43 Watch Tower
47:44 Watch Tower
72:32 Watch Tower
72:33 Watch Tower
» items
| Healing Salve | 2 | |
| Lesser Clarity Potion | 2 | |
| Boots of Speed | 1 | |
| Staff of Teleportation | 2 | |
| Orb of Lightning | 1 | |
| Potion of Lesser Invulnerability | 2 | |
| Potion of Healing | 3 | |
| Scroll of Town Portal | 1 | |
| Tome of Retraining | 1 | |
15 total
dirtmcwordup (
red | 47 APM | 4387 actions | 93:22)
8 Archmage
3 Blizzard
3 Brilliance Aura
2 Summon Water Elemental
4 Paladin
2 Holy Light
2 Divine Shield
3 Blademaster
1 Wind Walk
1 Bladestorm
1 Critical Strike
» actions
| Assign group hotkey | 17 | |
| Basic commands | 96 | |
| Build / train | 133 | |
| ESC pressed | 7 | |
| Enter build submenu | 63 | |
| Enter hero's abilities submenu | 14 | |
| Give item / drop item | 13 | |
| Right click | 2088 | |
| Select / deselect | 457 | |
| Select group hotkey | 1084 | |
| Use ability | 415 | |
4387 total
» units
| Peasant | 14 | |
| Dragonhawk Rider | 31 | |
45 total
» upgrades
| Masonry | 3 | |
| Lumber Harvesting | 2 | |
| Magic Sentry | 1 | |
| Armor | 3 | |
| Swords | 3 | |
| Animal War Training | 1 | |
| Cloud | 1 | |
| Priest Training | 2 | |
16 total
» buildings
| Altar of Kings | 1 | |
| Lumber Mill | 1 | |
| Farm | 13 | |
| Scout Tower | 52 | |
| Arcane Tower | 8 | |
| Guard Tower | 25 | |
| Town Hall | 1 | |
| Keep | 1 | |
| Blacksmith | 1 | |
| Arcane Sanctum | 1 | |
| Barracks | 1 | |
| Castle | 1 | |
| Gryphon Aviary | 2 | |
| Arcane Vault | 1 | |
109 total
» build order
00:06 Altar of Kings
00:08 Lumber Mill
00:10 Farm
01:04 Scout Tower
01:06 Scout Tower
01:35 Arcane Tower
01:38 Arcane Tower
01:44 Scout Tower
01:51 Scout Tower
02:16 Guard Tower
02:20 Guard Tower
02:22 Scout Tower
02:24 Scout Tower
02:40 Farm
02:51 Guard Tower
02:52 Scout Tower
02:54 Scout Tower
02:56 Guard Tower
02:59 Scout Tower
03:24 Scout Tower
03:25 Guard Tower
03:50 Guard Tower
03:52 Scout Tower
03:53 Scout Tower
03:54 Scout Tower
03:55 Scout Tower
03:59 Guard Tower
04:22 Scout Tower
04:24 Scout Tower
04:24 Scout Tower
04:31 Scout Tower
04:55 Guard Tower
05:36 Guard Tower
05:47 Scout Tower
05:48 Scout Tower
05:49 Scout Tower
05:50 Scout Tower
05:51 Scout Tower
05:51 Scout Tower
05:58 Guard Tower
05:59 Scout Tower
06:04 Guard Tower
06:13 Town Hall
06:17 Guard Tower
06:35 Scout Tower
06:36 Scout Tower
06:38 Scout Tower
06:43 Guard Tower
06:48 Keep
06:56 Guard Tower
07:09 Guard Tower
07:29 Guard Tower
07:31 Scout Tower
08:04 Guard Tower
08:05 Scout Tower
08:12 Guard Tower
08:38 Guard Tower
08:40 Scout Tower
08:41 Scout Tower
08:42 Scout Tower
08:43 Scout Tower
08:45 Guard Tower
09:11 Scout Tower
09:12 Scout Tower
09:13 Scout Tower
09:14 Scout Tower
09:15 Scout Tower
09:15 Scout Tower
09:30 Blacksmith
09:32 Arcane Sanctum
09:36 Barracks
09:40 Farm
09:42 Farm
10:49 Guard Tower
11:15 Castle
11:18 Gryphon Aviary
11:20 Arcane Vault
11:25 Guard Tower
11:36 Scout Tower
11:37 Scout Tower
11:37 Scout Tower
12:14 Scout Tower
12:15 Scout Tower
12:16 Scout Tower
13:17 Guard Tower
13:21 Guard Tower
13:34 Guard Tower
16:55 Farm
21:29 Farm
21:32 Farm
21:33 Farm
21:36 Farm
21:37 Farm
21:37 Farm
21:40 Farm
25:24 Farm
27:49 Gryphon Aviary
27:53 Scout Tower
27:54 Scout Tower
28:36 Arcane Tower
28:48 Arcane Tower
28:52 Scout Tower
29:13 Scout Tower
29:15 Scout Tower
29:22 Arcane Tower
29:24 Scout Tower
29:46 Arcane Tower
30:09 Arcane Tower
30:10 Arcane Tower
» items
| Staff of Teleportation | 2 | |
| Boots of Speed | 2 | |
| Lesser Clarity Potion | 2 | |
| Healing Salve | 2 | |
| Orb of Lightning | 2 | |
| Staff of Sanctuary | 2 | |
| Tome of Retraining | 1 | |
| Potion of Invisibility | 1 | |
14 total
Mata. (
pink | 50 APM | 4643 actions | 93:22)
6 Priestess of the Moon
3 Searing Arrows
2 Scout
1 Starfall
» actions
| Assign group hotkey | 305 | |
| Basic commands | 8 | |
| Build / train | 103 | |
| ESC pressed | 1 | |
| Enter build submenu | 23 | |
| Enter hero's abilities submenu | 7 | |
| Give item / drop item | 4 | |
| Right click | 3002 | |
| Select / deselect | 766 | |
| Select group hotkey | 131 | |
| Use ability | 292 | |
4643 total
» units
| Wisp | 40 | |
| Hippogryph | 15 | |
| Druid of the Talon | 7 | |
62 total
» upgrades
| Druid of the Talon Training | 2 | |
| Nature's Blessing | 1 | |
| Well Spring | 1 | |
| Ultravision | 1 | |
| Strength of the Wild | 3 | |
| Reinforced Hides | 3 | |
| Mark of the Talon | 1 | |
12 total
» buildings
| Altar of Elders | 1 | |
| Moon Well | 13 | |
| Tree of Ages | 3 | |
| Tree of Life | 2 | |
| Tree of Eternity | 1 | |
| Ancient of Wind | 4 | |
| Hunter's Hall | 1 | |
25 total
» build order
00:10 Altar of Elders
00:18 Moon Well
01:00 Moon Well
03:35 Tree of Ages
03:36 Tree of Ages
04:34 Moon Well
04:37 Moon Well
05:47 Moon Well
06:07 Moon Well
07:29 Tree of Life
07:42 Tree of Life
10:25 Tree of Eternity
10:34 Ancient of Wind
10:35 Ancient of Wind
11:59 Hunter's Hall
13:43 Moon Well
13:46 Moon Well
23:34 Ancient of Wind
25:28 Ancient of Wind
26:46 Moon Well
27:49 Moon Well
28:45 Moon Well
29:43 Moon Well
30:53 Moon Well
» items
| Healing Salve | 3 | |
| Lesser Clarity Potion | 2 | |
| Scroll of Town Portal | 2 | |
| Boots of Speed | 1 | |
| Staff of Teleportation | 1 | |
| Staff of Sanctuary | 1 | |
| Tiny Great Hall | 1 | |
11 total
Chat log
(00:19 / Allies) bLinn: wheres mah 100g
(00:20 / All) dirtmcwordup: Uhm. Hello and have a good fun game guys!
(00:25 / Allies) bLinn: tyvm
(00:28 / All) O.o.I.: u2
(00:33 / All) waqqy: Suk dik?
(00:40 / All) dirtmcwordup: Wow. Manners please.
(00:51 / All) O.o.I.: i smack him for u
(00:56 / All) waqqy: Tower
(01:00 / All) dirtmcwordup: Hehehe. Thanks, but not neccesary.
(01:20 / Allies) dirtmcwordup: sources plz
(01:25 / Allies) bLinn: cite ur sources
(01:33 / Allies) bLinn: u unscientific fuck
(03:03 / All) O.o.I.: u always tower
(03:06 / All) O.o.I.: mcword up
(03:09 / All) dirtmcwordup: huh
(03:12 / All) Mata.: ?
(03:20 / All) O.o.I.: played u yesterday
(04:10 / Allies) dirtmcwordup: lumb plz
(04:15 / Allies) dirtmcwordup: also why potm
(04:20 / Allies) Mata.: i think sfall will be nice
(04:28 / Allies) dirtmcwordup: hm mayb ur correct
(04:41 / All) waqqy: newbs lol
(04:46 / All) Mata.: D:.
(05:02 / All) bLinn: ive told u 1nce, dont make me tell u again... manner up
(05:10 / Allies) dirtmcwordup: hahahaha
(05:53 / Allies) Mata.: get towers pelase
(05:57 / Allies) Mata.: at entrances and similar
(06:05 / Allies) dirtmcwordup: gold
(06:20 / Allies) Mata.: fbuild
(06:49 / Allies) bLinn: oops
(06:52 / Allies) Mata.: creeping my expo you boys got this
(06:58 / Allies) bLinn: go 4 it.. show 4 it
(07:28 / Allies) bLinn: lum pls
(07:34 / Allies) dirtmcwordup: same
(07:58 / Allies) dirtmcwordup: need L2 bad
(09:13 / All) Mata.: gg leave
(09:18 / All) Mata.: u would be doing you'reself a favor
(09:25 / All) dirtmcwordup: hehehahhahahohoho
(09:31 / All) bLinn: this game is... already over
(09:46 / All) Mata.: mmm no not quite
(09:48 / All) Mata.: but u guys lost
(10:31 / Allies) dirtmcwordup: lumb
(10:42 / Allies) bLinn: could use gold if u got
(10:46 / Allies) Mata.: not really
(11:36 / All) Mata.: lol,
(11:37 / All) Mata.: build more towers,
(11:38 / All) Mata.: noobs.
(11:39 / Allies) dirtmcwordup: lumb plz
(11:41 / All) O.o.I.: lol
(11:45 / All) O.o.I.: ?
(12:47 / Allies) Mata.: hawk
(13:20 / Allies) bLinn: i got bats d/w
(14:42 / Allies) Mata.: wurm
(15:25 / Allies) bLinn: we need our owl scout out here pls
(15:51 / Allies) Mata.: ding
(15:54 / Allies) Mata.: level 5.7
(15:58 / Allies) bLinn: noice sir
(16:15 / Allies) Mata.: at the erady
(16:16 / Allies) Mata.: ready;;;
(16:46 / Allies) bLinn: check les expo
(17:04 / Allies) Mata.: dont want to kill though
(17:13 / Allies) Mata.: guys are terrible
(17:58 / Allies) Mata.: hm lores.
(18:00 / Allies) bLinn: MGs?
(18:58 / Allies) bLinn: can you put things like trees on grass and craggy rock int othe variation of the tiling background mata?
(19:01 / Allies) Mata.: gonna kill a worker
(19:05 / Allies) bLinn: if it was random each time that would be sweet @s heck
(19:09 / Allies) Mata.: yeah i was thinking that
(19:20 / Allies) Mata.: if i can make it look nice yes
(19:22 / Allies) bLinn: lot of sweet looking doodads
(19:30 / Allies) dirtmcwordup: sending dhawk
(19:32 / Allies) dirtmcwordup: dont got enough tho
(19:39 / Allies) Mata.: sending hippos
(19:41 / Allies) Mata.: and hero etc
(19:51 / Allies) Mata.: ok that's good
(20:14 / Allies) bLinn: are we harassin expos
(20:16 / Allies) Mata.: need 6 so i can retire
(20:21 / Allies) Mata.: let me kill 2 guys
(20:29 / Allies) Mata.: i'm taking ud
(20:31 / Allies) Mata.: you do whateva
(20:35 / Allies) bLinn: gon creep their side
(20:37 / Allies) bLinn: for itemz
(21:04 / Allies) Mata.: how the heck are we supposed to lose this
(21:10 / Allies) Mata.: we need to kill own towers probably
(21:12 / Allies) bLinn: tanks & knights & gyros
(21:26 / Allies) bLinn: elf got bears
(21:33 / Allies) Mata.: not using potm any more
(21:44 / Allies) Mata.: gonna work on the perch
(21:45 / Allies) bLinn: not making it easy for us to lose this
(22:04 / Allies) Mata.: after i put tree on top i'm going to lose potm a few times
(22:37 / Allies) bLinn: wagon
(24:20 / Allies) bLinn: ok they probably gonna be able to beat this next push
(24:27 / Allies) Mata.: really
(24:28 / Allies) bLinn: if we let them i guess
(24:37 / Allies) Mata.: my expo is at 5
(24:39 / Allies) dirtmcwordup: wagonmancer and tank mortar gonna rape us
(24:40 / Allies) bLinn: they got wagonmancer, tank, aboms bears
(24:42 / Allies) Mata.: want me to go in and starfall?
(24:45 / Allies) dirtmcwordup: nah
(24:47 / Allies) Mata.: it will delay atleast
(24:49 / Allies) bLinn: if we want them to leave maybe
(24:49 / Allies) dirtmcwordup: let them take it
(24:51 / Allies) Mata.: i won't do it well
(24:53 / Allies) Mata.: i will do it before
(24:54 / Allies) dirtmcwordup: give em like 3k from our mine maybe
(24:56 / Allies) Mata.: fuck it \
(24:58 / Allies) Mata.: making them pull back
(25:08 / Allies) bLinn: put an invul
(25:11 / Allies) bLinn: on u
(25:14 / Allies) Mata.: saw, thanks
(25:19 / Allies) Mata.: these guys aint pullin back
(25:56 / Allies) Mata.: dont kill own towers
(25:59 / Allies) Mata.: they have 20 000 in mines
(26:04 / Allies) dirtmcwordup: o
(26:05 / Allies) Mata.: and another 5 in mine
(26:28 / Allies) bLinn: o dear it appears we lost left
(28:11 / All) Mata.: fuck you jason you said you were good at this game
(28:16 / All) dirtmcwordup: lol fuck u scottie
(28:16 / All) Mata.: gg
(28:23 / Allies) dirtmcwordup: awoop
(28:26 / All) O.o.I.: :(
(28:28 / Allies) dirtmcwordup: stealin they gold
(28:29 / All) O.o.I.: gg
(28:33 / All) dirtmcwordup: huh gg
(28:54 / All) O.o.I.: ilike ur strat tho guyz itz pretty crazy
(29:51 / Allies) dirtmcwordup: stealin mad gold
(30:57 / Allies) Mata.: blinn we need towers on the perch
(31:40 / Allies) Mata.: looks like i'm going to get 100 food after all
(31:43 / Allies) Mata.: not that i need it but you know
(31:44 / Allies) dirtmcwordup: queuing up mad dhawk for when i lose my shoppe
(31:47 / Allies) bLinn: i got two shaman for manual bloodlust
(31:55 / Allies) bLinn: and a spirit walker for spirit link
(32:00 / Allies) dirtmcwordup: i teched priest but forgot to make one oops
(32:02 / Allies) bLinn: might just help against bats or whatever y'know?
(32:05 / Allies) bLinn: even though they have none
(32:09 / Allies) dirtmcwordup: 14 dhawk
(32:25 / Allies) dirtmcwordup: make another thing mata
(32:31 / Allies) dirtmcwordup: blow up some wispes and make more things
(32:40 / Allies) Mata.: not that rich
(32:45 / Allies) dirtmcwordup: ic
(32:45 / Allies) dirtmcwordup: ok
(32:52 / Allies) dirtmcwordup: hide your aowinds
(32:53 / Allies) Mata.: besides we really dont need more air
(32:54 / Allies) Mata.: i think
(33:14 / Allies) dirtmcwordup: hmmm wtf u doin yellow
(33:41 / Allies) Mata.: this is the best wisp hide in warcraft 3
(33:43 / Allies) Mata.: probably any RTS
(33:48 / Allies) Mata.: check it out
(33:52 / Allies) Mata.: ground can't see it
(33:53 / Allies) bLinn: can they not see it from the outside
(33:54 / Allies) Mata.: even in theory
(33:55 / Allies) bLinn: o wow
(34:06 / Allies) dirtmcwordup: i had a better one
(34:16 / Allies) dirtmcwordup: i forgot what map but i yomped my guy past a doodad
(34:23 / Allies) Mata.: well yomping is another thing you know
(34:33 / Allies) Mata.: operation escort rodriguez
(34:44 / Allies) dirtmcwordup: i just grouped a bunch of wisps next to him and had him get off his tree then poog he gone
(35:07 / Allies) Mata.: tree just looking on
(35:12 / Allies) dirtmcwordup: hehe
(35:13 / Allies) bLinn: it's fighting back a bit
(35:38 / Allies) bLinn: more guald for more towers?
(36:10 / Allies) Mata.: some day we should do towerless perch
(36:15 / Allies) Mata.: with just moonwells and 3x tri hero
(36:29 / Allies) bLinn: more gaullld
(36:38 / Allies) bLinn: cool
(36:42 / Allies) Mata.: im broke nigger
(36:49 / Allies) bLinn: well you don't need anymore money anyway
(36:58 / Allies) bLinn: that is the gayest spot
(37:00 / Allies) bLinn: to be stuck in ever
(37:10 / Allies) Mata.: you can jump out
(37:10 / Allies) Mata.: yeah
(37:19 / Allies) Mata.: i also like this hide
(37:44 / Allies) Mata.: go yomp
(37:49 / Allies) Mata.: so i can get some trickyomping footage
(37:55 / Allies) bLinn: gimme some yomp spots to try
(38:40 / Allies) bLinn: grabbin a dott for yompin purposes
(38:56 / Allies) Mata.: might need several
(39:06 / Allies) bLinn: just to find a starting spot
(39:06 / All) waqqy: its gg guys
(39:09 / Allies) dirtmcwordup: check my pally
(39:11 / Allies) bLinn: holy shit
(39:11 / Allies) dirtmcwordup: this guy means business
(39:12 / Allies) bLinn: holy shit
(39:18 / Allies) bLinn: i tped to that dott
(39:23 / Allies) bLinn: YOMP SUCCESSFUL
(39:48 / Allies) dirtmcwordup: where ar ethe ghoos acos
(39:53 / Allies) Mata.: damn i was tabbed
(39:54 / All) waqqy: nice strat not good vs us :D
(39:56 / Allies) Mata.: did you yomp down?
(40:00 / Allies) dirtmcwordup: he yomped down yes.
(40:00 / Allies) bLinn: yes
(40:04 / Allies) bLinn: i'll do it again
(40:05 / Allies) Mata.: nice
(40:05 / All) dirtmcwordup: gg we submit lol
(40:09 / All) O.o.I.: gg guyz
(40:13 / All) bLinn: hmm.. i thought we could win this
(40:16 / All) bLinn: i was wrong
(40:32 / Allies) Mata.: guy feels coil is waste of time
(40:52 / Allies) bLinn: i need to use these
(40:54 / Allies) bLinn: to try yomp my peon out
(41:02 / Allies) Mata.: right
(41:16 / Allies) dirtmcwordup: damn i heal so fast
(41:17 / Allies) Mata.: have staff otherise
(41:20 / Allies) bLinn: check this
(41:25 / Allies) Mata.: damn
(41:28 / Allies) bLinn: no i fucked it up
(41:30 / Allies) bLinn: fuckadoodledoo
(41:31 / Allies) Mata.: that's like slve
(41:40 / Allies) dirtmcwordup: dodged coil
(41:53 / Allies) bLinn: this shoudl go into the trickyomping video
(41:55 / Allies) bLinn: it's not the same thing but damn
(42:03 / All) O.o.I.: hide trees?
(42:11 / All) O.o.I.: i noticed u didnt have a main
(42:13 / All) dirtmcwordup: hehehehehe its kinda fun... lol
(42:15 / All) O.o.I.: bot right
(42:30 / Allies) Mata.: edgar
(42:34 / Allies) Mata.: gay hide though
(42:41 / Allies) dirtmcwordup: flee
(42:45 / All) dirtmcwordup: noooooo our last tree! lol
(42:52 / Allies) bLinn: yes i made it out
(42:53 / All) O.o.I.: probly not
(42:55 / All) O.o.I.: :D
(43:14 / All) Mata.: damb... gg
(43:19 / Allies) bLinn: watch mata
(43:30 / Allies) bLinn: dang
(43:31 / Allies) Mata.: teh owned
(43:41 / Allies) bLinn: it totally worked earlier...
(43:46 / Allies) Mata.: haha
(43:50 / Allies) Mata.: bear cant eat wisp
(43:51 / Allies) bLinn: well replay shows it anyway first time
(44:00 / Allies) Mata.: yeah go yomp elsewhere so i can record it
(44:04 / Allies) bLinn: well anyway that's one spot
(44:17 / Allies) bLinn: check the re-play for it u know?
(44:18 / Allies) dirtmcwordup: you can record replay for the one oyu misse
(44:25 / Allies) bLinn: keep your eyes peeled for any others
(44:29 / Allies) Mata.: i'm not going to record off game
(44:32 / Allies) Mata.: that's not how i rol
(44:46 / Allies) Mata.: i record in half speed
(44:58 / Allies) bLinn: don't make me do that again jeez
(45:09 / Allies) Mata.: ?
(45:15 / Allies) bLinn: the amazing yomp i did from up here
(45:21 / Allies) Mata.: you're the one who wants to do it again
(45:33 / Allies) dirtmcwordup: watch
(45:54 / All) O.o.I.: LKOL
(45:55 / All) O.o.I.: LOLOLO
(46:51 / Allies) dirtmcwordup: my horse looks mad angerey
(46:53 / Allies) bLinn: angerey horse
(46:54 / Allies) dirtmcwordup: check him out
(47:21 / Allies) bLinn: ok i figured out da formula
(47:33 / Allies) Mata.: why do you guys keep yomping there
(47:36 / Allies) Mata.: you already did it
(47:38 / Allies) Mata.: like 2x
(47:46 / Allies) bLinn: you refused to record
(47:48 / All) O.o.I.: WELL NOW WE HAVE TO UNSUMMON TO GET CLOUD AGAIN :( OMFG HOW U GET UP THERE ANYWAY
(47:48 / Allies) bLinn: from replay
(47:48 / Allies) dirtmcwordup: fly us here
(47:56 / All) dirtmcwordup: Huh
(47:56 / Allies) Mata.: read what i said again
(48:09 / Allies) bLinn: nevamind then
(48:13 / Allies) Mata.: i said i'm not going to record off game
(48:14 / Allies) Mata.: only replay
(48:19 / Allies) Mata.: for framerate reasons
(48:19 / Allies) bLinn: i thought you meant "off game"
(48:20 / Allies) bLinn: as in
(48:22 / Allies) bLinn: not in game
(48:36 / All) O.o.I.: lol
(48:38 / All) O.o.I.: lOLOLOLOLOLOL
(48:41 / All) O.o.I.: LOLOLOLOLOL
(48:54 / All) Sdg32-: How u get a worker up there
(49:06 / All) bLinn: up where
(49:10 / All) O.o.I.: LOL
(49:12 / All) O.o.I.: MASS TP ?
(49:17 / All) bLinn: we don't have 6 AM
(49:20 / All) dirtmcwordup: level 5 lol.
(49:24 / All) O.o.I.: REALLY?
(49:27 / All) O.o.I.: u guyz r crazy
(49:28 / All) O.o.I.: omfg lol
(49:34 / All) O.o.I.: well how u get worker up there
(49:39 / All) dirtmcwordup: Huh
(49:42 / All) O.o.I.: lol
(49:48 / All) Mata.: i am a wizard....
(49:54 / All) O.o.I.: indeed
(50:05 / Allies) dirtmcwordup: remember when we did tihs one
(50:14 / Allies) dirtmcwordup: that was the first yomp from height a to height b
(50:15 / Allies) bLinn: with all the dott bunched up really close
(50:17 / Allies) Mata.: yes
(50:18 / Allies) Mata.: i have footage
(50:18 / Allies) dirtmcwordup: the first ab yomp
(50:28 / Allies) bLinn: ab yomps are pretty sweet
(50:31 / Allies) bLinn: this is the first unaided ab yomp
(50:40 / Allies) bLinn: it required no units, just terrain
(50:51 / Allies) bLinn: man watching this from up here on this perch
(50:54 / Allies) bLinn: is crazy
(51:18 / Allies) bLinn: make it a maze
(51:21 / Allies) bLinn: argh nooo
(51:32 / Allies) Mata.: that was a long ass chase
(52:03 / Allies) Mata.: you need more dott for that
(52:09 / All) waqqy: Rofl
(52:11 / Allies) bLinn: we'll c
(52:12 / All) waqqy: We got the expos
(52:19 / All) Mata.: we got the win
(52:31 / Allies) bLinn: takin a squad O dott
(52:41 / Allies) bLinn: wups
(53:21 / All) O.o.I.: MINI GREAT HALL!!!!
(53:29 / All) Mata.: ?
(53:32 / All) Mata.: how would we get that up there
(53:34 / Allies) dirtmcwordup: if we lose because all of our armies are yomping that would be funny
(53:34 / All) O.o.I.: THAN U KILLED IT
(53:49 / Allies) bLinn: we have starfall we're fine
(53:59 / Allies) Mata.: the first ever potmyomp..
(54:06 / Allies) bLinn: where was that
(54:12 / Allies) Mata.: it can be done
(54:25 / Allies) dirtmcwordup: we need to yomp out of altars
(54:31 / Allies) dirtmcwordup: how would that even work
(54:34 / Allies) Mata.: more like get stuck
(54:41 / All) O.o.I.: WOW
(54:54 / Allies) Mata.: potm yomp would be if potm just runs around with a wwed blade on top
(55:03 / Allies) bLinn: not an ab yomp but decent . .
(55:14 / All) waqqy: afk
(55:20 / Allies) dirtmcwordup: do you have footage of the yomp across the crevasse
(55:21 / Allies) bLinn: we did a worker yomp over that cliff
(55:24 / Allies) bLinn: yeah that ruled
(55:24 / Allies) Mata.: yes
(55:26 / Allies) Mata.: it's in the video already
(55:35 / All) O.o.I.: IM AT A LOSE FOR WORDS
(55:42 / All) O.o.I.: |:o
(55:44 / All) dirtmcwordup: ur at a lose for games too hahaha
(55:44 / All) Mata.: also a lose for game
(55:58 / All) O.o.I.: WELL...
(56:00 / All) waqqy: Tanks > all air
(56:02 / All) waqqy: gg
(56:06 / All) waqqy: its a stail mate
(56:28 / Allies) bLinn: the perfect yomp
(56:32 / Allies) bLinn: is just far enough to be impressive
(56:36 / Allies) bLinn: but not too far to be impossible
(56:53 / Allies) bLinn: if we could get a max distance ab yomp that would probably be unbeatable
(58:10 / All) waqqy: afk
(58:13 / All) Sdg32-: hows it goin
(58:16 / All) waqqy: Watching tv
(58:48 / All) dirtmcwordup: hm can u lick my balls for me yes ???
(59:08 / Allies) bLinn: its as if these cliffs are designed to be yomp unfriendly
(59:26 / Allies) Mata.: lets see it then
(59:29 / Allies) bLinn: well hod on
(59:32 / Allies) bLinn: need dotts and
(59:36 / Allies) bLinn: tim just brought them right t ome
(59:55 / Allies) Mata.: so jump on top of them
(59:59 / Allies) Mata.: that's trickyomp and pp at sam time
(60:43 / All) Sdg32-: Afk?
(61:00 / Allies) Mata.: for the highper.ch background
(61:14 / Allies) Mata.: i have to make it isometric for simplicity's sake
(61:26 / Allies) Mata.: it can be done to look okay for example, the towers background i make that tiles is isometric
(61:31 / Allies) Mata.: but it can't be top down the way it is now, that's ugley
(61:58 / Allies) Mata.: you know ground level yomps can be done too
(61:58 / Allies) Mata.: like
(62:01 / Allies) Mata.: yomping through forests
(62:05 / Allies) bLinn: hmm
(62:08 / Allies) Mata.: haven't really seen many of those
(62:08 / Allies) bLinn: be worth a try
(62:14 / Allies) bLinn: i think we've exhausted mountain yomps on this map
(62:20 / Allies) Mata.: would be nice instead of just 4 minutes of "blademaster and dott jumping aruond on highperch"
(62:27 / All) waqqy: eating dinner
(62:28 / All) waqqy: LOl
(62:32 / All) dirtmcwordup: im chomping a dick,.
(62:52 / Allies) Mata.: remember known max known yomp distance is 8 tower units
(63:13 / Allies) Mata.: you have to space the dott
(63:17 / All) waqqy: we win
(63:19 / Allies) bLinn: how so
(63:19 / Allies) Mata.: to maximise area but small enough space
(63:26 / Allies) bLinn: help us!
(63:32 / Allies) Mata.: so the blade can't land
(63:38 / All) waqqy: Come attack us
(63:42 / All) Sdg32-: @_@
(63:55 / Allies) bLinn: what is our yomp destination here
(63:59 / Allies) bLinn: out the forest to the lower left?
(64:07 / Allies) Mata.: destination unknown
(64:11 / Allies) dirtmcwordup: he can land inbetween like 3 of them
(64:16 / Allies) bLinn: we'll see
(64:17 / Allies) dirtmcwordup: i see 3 spots he can land in
(64:19 / Allies) dirtmcwordup: 4 mayube
(64:19 / Allies) bLinn: i can always ww back
(64:33 / Allies) Mata.: idk
(64:35 / Allies) Mata.: im not seeing it
(65:10 / All) Mata.: gg
(65:15 / All) O.o.I.: he went to see
(65:16 / All) O.o.I.: the replay
(65:18 / All) O.o.I.: to find out
(65:21 / All) O.o.I.: how u got up there
(65:22 / All) O.o.I.: :D
(65:25 / All) Mata.: sorry muggles can't see...
(65:26 / All) O.o.I.: than msgin us
(65:28 / All) Mata.: real magic...
(65:35 / All) O.o.I.: k
(65:40 / All) O.o.I.: mud-blood
(65:42 / All) O.o.I.: :D
(66:17 / Allies) Mata.: we need a thinner forest
(66:20 / Allies) Mata.: so he can just jump straight thru
(66:28 / Allies) dirtmcwordup: max risk
(66:30 / Allies) dirtmcwordup: max reward
(66:31 / Allies) Mata.: do it
(66:34 / Allies) bLinn: i'm on it bros
(66:43 / Allies) dirtmcwordup: if yo yomped out
(66:44 / All) Sdg32-: ...
(66:45 / Allies) dirtmcwordup: into his base
(66:49 / Allies) bLinn: then bladestorm
(66:58 / Allies) dirtmcwordup: i wish you could storm then yomp
(67:05 / Allies) dirtmcwordup: what if we block you up
(67:06 / Allies) bLinn: come out all guns plazin
(67:07 / Allies) dirtmcwordup: and you wind walk
(67:08 / Allies) dirtmcwordup: then storm
(67:09 / Allies) bLinn: blazin
(67:11 / Allies) dirtmcwordup: will yo yomp through
(67:15 / Allies) bLinn: tp your guys up
(67:20 / Allies) dirtmcwordup: that would be greatest yomp
(67:21 / Allies) Mata.: i don't think so timg
(67:25 / Allies) Mata.: you'll get pushed
(67:27 / Allies) Mata.: but it would be very difficult
(67:29 / Allies) Mata.: to yomp
(67:40 / Allies) Mata.: we can try it first by windwalking then attacking something
(67:46 / Allies) Mata.: if that yomps him, then so will bladestorming
(67:56 / Allies) Mata.: god damn we gotta try this bro0es
(68:06 / Allies) bLinn: bring potm if we need collision
(68:43 / Allies) Mata.: christ do they so
(68:44 / Allies) Mata.: see
(68:53 / Allies) dirtmcwordup: '
(68:54 / Allies) dirtmcwordup: gtfo
(68:55 / Allies) Mata.: fuck
(69:14 / Allies) Mata.: that was what we didn't want
(69:50 / Allies) dirtmcwordup: i got 1 star stuck
(69:50 / Allies) bLinn: we need to take care not give vision next time
(69:51 / Allies) Mata.: are they staying in purple base
(69:52 / Allies) dirtmcwordup: on my screen
(69:52 / Allies) Mata.: yeah
(69:54 / Allies) Mata.: it's in fog
(69:57 / Allies) bLinn: or give vision BUT then bring heroes after
(70:05 / Allies) Mata.: no vision
(70:06 / Allies) Mata.: get over here
(70:09 / Allies) dirtmcwordup: just hide
(70:30 / Allies) bLinn: compare differences
(70:32 / Allies) Mata.: try it
(70:34 / Allies) bLinn: up to my right is probably most dif
(70:53 / Allies) Mata.: god need welemental
(71:07 / Allies) Mata.: ok
(71:10 / Allies) Mata.: lets put this on hold
(71:11 / Allies) Mata.: for a while
(71:29 / Allies) Mata.: we come back to this
(71:30 / Allies) Mata.: mebbe
(71:31 / Allies) bLinn: we have to be absolutely sure
(71:36 / Allies) bLinn: that i will make the yomp
(71:41 / Allies) bLinn: so we don't get temp vision and attack
(72:33 / All) O.o.I.: this is races
(72:47 / All) Sdg32-: bored
(72:48 / All) Sdg32-: >
(72:50 / All) Sdg32-: <
(72:52 / All) dirtmcwordup: how much gold u got lol
(73:00 / All) Sdg32-: Enough to choke a donkey
(73:01 / All) O.o.I.: 2.5k
(73:29 / Allies) Mata.: 0,0005% of the population
(73:34 / Allies) Mata.: is truly colorblind
(73:36 / Allies) Mata.: like they see only grey
(73:55 / Allies) Mata.: you could never be a webdesigner
(74:10 / Allies) bLinn: or most sorts of artists like painters
(74:11 / Allies) bLinn: etc
(74:24 / Allies) bLinn: you could paint in greyscale all the time but who would honestly
(74:28 / Allies) Mata.: you could make some really trippy art
(74:39 / Allies) dirtmcwordup: (09:30 / All) Hixum: mmmm the incredible mr. Gay's
(74:47 / Allies) Mata.: paint the world how you see it then for everyone else it's just these funky colors
(75:02 / Allies) Mata.: damnn
(75:02 / Allies) bLinn: this is kinda good for us
(75:05 / Allies) dirtmcwordup: i am partially colorblind
(75:06 / Allies) Mata.: no
(75:09 / Allies) dirtmcwordup: slight red green
(75:16 / Allies) Mata.: now we can't do the perfect yomp
(75:17 / Allies) bLinn: let's try again
(75:19 / Allies) Mata.: this game probley
(75:25 / Allies) bLinn: well i'll still be in their base
(75:28 / Allies) dirtmcwordup: i have TROUBEL telling the dif between dark colors i.e. really dark blue and black
(75:35 / Allies) bLinn: everybody does i think
(75:42 / Allies) dirtmcwordup: it runs in my family
(75:49 / Allies) bLinn: mebbe im wrong idk
(75:50 / Allies) dirtmcwordup: i take the colorblind tests one of them i cant pass
(76:04 / Allies) bLinn: get the am/pala down heah
(76:15 / Allies) Mata.: try it
(76:18 / Allies) Mata.: should work i think
(76:20 / Allies) bLinn: top right
(76:23 / Allies) bLinn: yay
(76:25 / Allies) Mata.: not bad
(76:29 / Allies) dirtmcwordup: got idea
(76:31 / Allies) dirtmcwordup: lemme use bm
(76:32 / All) Sdg32-: ....
(76:34 / Allies) bLinn: go a head
(76:45 / All) Sdg32-: ZUZ
(77:04 / Allies) bLinn: usually if you look at where you wanna go
(77:06 / Allies) bLinn: you can yomp there
(77:10 / Allies) bLinn: sometimes it's the opposite tho
(77:14 / Allies) Mata.: yomperstitions
(77:20 / Allies) bLinn: from here
(77:22 / Allies) bLinn: you have to face away
(77:25 / Allies) bLinn: from your yompstination
(77:34 / Allies) bLinn: yompstination unknown
(77:39 / Allies) Mata.: in new thread
(77:44 / Allies) Mata.: we need to define some words
(77:45 / All) dirtmcwordup: how many dicks u eat on average
(77:50 / Allies) dirtmcwordup: what is new thread name
(77:55 / Allies) Mata.: yomping, pizzatime, perching, mountaineering
(77:59 / Allies) Mata.: idk, idc
(78:00 / Allies) bLinn: treebasing
(78:01 / Allies) dirtmcwordup: warcraft 3 welcome to my hompy
(78:04 / Allies) bLinn: haha
(78:12 / Allies) Mata.: how about we don't make it a retarded inside joke
(78:19 / Allies) Mata.: well that's blinn's song
(78:25 / Allies) dirtmcwordup: hehe mata cares about the dota players aint that cute
(78:27 / Allies) Mata.: so not really retarded inside joke
(78:32 / Allies) bLinn: i didn't write it tho i just covered it
(78:45 / Allies) Mata.: well i'm just saying
(78:47 / Allies) dirtmcwordup: warcraft 3: hi dota players you are all welcome here : )
(78:55 / Allies) Mata.: if you're going to make an intentionally shitty thread timg
(78:57 / Allies) bLinn: see
(79:00 / Allies) Mata.: why not just make ti a dota thread
(79:02 / Allies) bLinn: i looked up to the left
(79:05 / Allies) bLinn: and I flew up to the right
(79:14 / Allies) bLinn: ps mata when you get the footage from this
(79:17 / Allies) bLinn: do it with fog of war on
(79:22 / Allies) bLinn: from yellow's perspective
(79:24 / Allies) Mata.: yes
(79:25 / Allies) bLinn: so a blademaster just comes out of the forest
(79:34 / Allies) bLinn: then show it slow mo with all the behind the scenes special effects
(79:36 / Allies) bLinn: such as dottblocks
(79:38 / Allies) Mata.: timg why would you say that
(79:55 / Allies) bLinn: dottblock is another term we must define
(80:00 / All) O.o.I.: y?
(80:15 / Allies) Mata.: for a few seconds i flash an overlay of all these schematics with angles and distances measured and these variables
(80:19 / Allies) bLinn: hahaha
(80:27 / Allies) bLinn: ƒ m^-1
(80:32 / Allies) Mata.: you shouldn't just stop
(80:32 / Allies) dirtmcwordup: well maybe we dont need circeljerk title but a good one you know
(80:34 / Allies) Mata.: when you yomp
(80:37 / Allies) Mata.: get right to the action
(80:39 / Allies) Mata.: and it looks better
(80:43 / Allies) dirtmcwordup: warcraft 3 fall 2006 tower reunion tour thread was a good one if u axe me
(80:45 / Allies) bLinn: ok i'll try that next time; need some manner
(80:47 / Allies) Mata.: this one already had the best oe
(80:53 / Allies) Mata.: it doesn't get simpler than Warcraft 3
(81:06 / Allies) dirtmcwordup: why do we need it to be simple
(81:07 / All) Sdg32-: .
(81:15 / Allies) bLinn: gives it a bit of colour to be interesting u no
(81:18 / Allies) Mata.: because pubby humour isn't that funny
(81:33 / Allies) bLinn: gonna do a yompqueue
(81:34 / Allies) dirtmcwordup: hehe sorry mata you are right lets do everything your way :)
(81:40 / Allies) bLinn: that's when you do mirror image then shift-click move somewhere
(81:45 / Allies) bLinn: so you come directly out of the yomp into a sprint
(82:28 / Allies) Mata.: i just don't like the sa forums thing where every thread in games needs a hilarious subtitle thing
(82:33 / Allies) bLinn: naaargh
(82:35 / Allies) bLinn: who was that
(82:42 / Allies) dirtmcwordup: HAHAHAHA PWNAGE maximum
(82:43 / Allies) Mata.: especially when the warcraft 3 thread has the same thread for 3 years
(82:58 / Allies) dirtmcwordup: because Warcraft 3 is boring
(83:19 / Allies) bLinn: takes a second
(83:21 / Allies) bLinn: no matter what u do
(83:21 / Allies) dirtmcwordup: a bad 1
(83:23 / Allies) Mata.: it's fine
(83:30 / Allies) dirtmcwordup: most times when you queue things it doe
(83:32 / Allies) Mata.: if we do another retake
(83:37 / Allies) bLinn: i didn't queue that time
(83:39 / Allies) bLinn: i right clicked 2 fuck
(83:43 / Allies) Mata.: run straight to the moonwell and start chopping it
(83:45 / Allies) dirtmcwordup: huh
(83:56 / Allies) bLinn: ok i'll try
(84:00 / Allies) bLinn: go retrain lvl 3 brilliance
(84:07 / Allies) Mata.: and welemental
(84:08 / Allies) dirtmcwordup: jhmmmmmmmmmmm ok and elementals
(84:17 / Allies) bLinn: use dat wisp
(84:44 / Allies) bLinn: use invispot to get back in tho probably doesnt mata
(84:54 / Allies) bLinn: yes i had started typing before u did that
(84:57 / Allies) dirtmcwordup: weigh ahead a u
(85:20 / Allies) bLinn: dang that's much faster
(85:21 / Allies) bLinn: significantl
(85:23 / Allies) dirtmcwordup: can i yomp an elemental through the trees
(85:33 / Allies) bLinn: damnit
(85:44 / Allies) dirtmcwordup: want to try that next
(85:50 / Allies) bLinn: yes next
(85:52 / Allies) bLinn: after this next take
(86:09 / Allies) Mata.: that's great
(86:10 / Allies) Mata.: it's a wrap
(86:14 / Allies) bLinn: ok well
(86:20 / Allies) bLinn: i clicked as fast as my tiny little hands could manage
(86:36 / Allies) bLinn: so let's try a weleyomp
(86:42 / Allies) Mata.: i've yomped small things
(86:44 / Allies) Mata.: like farms
(86:44 / Allies) bLinn: nice
(86:50 / Allies) Mata.: there we have it
(87:08 / Allies) bLinn: hmm if only I had a tauren and ancestral spirit
(87:11 / Allies) bLinn: we could try tauren yomping
(87:29 / Allies) dirtmcwordup: next one
(87:31 / Allies) dirtmcwordup: gonna be sweet
(87:45 / Allies) Mata.: they are stuck
(87:49 / Allies) Mata.: but cant yomp
(87:54 / Allies) dirtmcwordup: stop touching
(88:00 / Allies) Mata.: needs to be some catalyst for yomping
(88:05 / Allies) Mata.: just regular stuck won't do it
(88:21 / Allies) dirtmcwordup: double yomp
(88:28 / Allies) Mata.: the fabled V yomp
(88:31 / Allies) bLinn: a yomp too far..
(88:35 / Allies) bLinn: yomp over the river kwai
(88:57 / Allies) dirtmcwordup: he gonna retrain L3 yomp
(89:01 / Allies) dirtmcwordup: for the x yomp
(89:04 / Allies) dirtmcwordup: X ab yomp
(89:08 / Allies) dirtmcwordup: can we do an Xab yomp
(89:42 / Allies) dirtmcwordup: a regular x yomp
(90:11 / Allies) dirtmcwordup: K yomp
(90:14 / Allies) dirtmcwordup: we need an X yom
(90:15 / Allies) dirtmcwordup: p
(90:38 / Allies) dirtmcwordup: double V yomp
(91:14 / Allies) dirtmcwordup: that
(91:16 / Allies) dirtmcwordup: was an x yomp
(91:47 / Allies) dirtmcwordup: Xab yomp mata
(91:55 / Allies) Mata.: i'll look it up in the replay
(92:00 / Allies) Mata.: i'm editing highper.ch :T